 Dungeon Crawl Stone Soup version 0.31-a0-702-gf82c85558f (webtiles) character file.

Game seed: 3192983553944568964

325 qw the Shooter (level 6, 0/38 HPs)
             Began as a Gargoyle Hunter on Sept 7, 2023.
             Slain by an ogre
             ... wielding a +0 giant club
              (27 damage)
             ... on level 4 of the Dungeon.
             The game lasted 00:00:59 (3303 turns).

qw the Shooter (Gargoyle Hunter)                    Turns: 3303, Time: 00:01:00

Health: 0/38       AC: 11    Str: 14    XL:     6   Next: 48%
Magic:  6/6        EV: 11    Int: 13    God:
Gold:   109        SH:  0    Dex: 14    Spells: 5/5 levels left

rFire   . . .        Y - +2 shortbow
rCold   + . .        (shield currently unavailable)
rNeg    + . .        c - +2 leather armour {rC+}
rPois   inf          (no helmet)
rElec   +            (no cloak)
rCorr   .            a - +0 pair of gloves
SInv    .            b - +0 pair of boots
Will    .....        (no amulet)
Stlth   +            (no ring)
HPRegen 0.26/turn    (no ring)
MPRegen 0.10/turn

%: no passive effects
@: no status effects
A: sickness immunity, AC +4, negative energy resistance 1, electricity
resistance, torment resistance 1, petrification resistance, clever 1, evolution
1
a: no special abilities


You were on level 4 of the Dungeon.
You visited 1 branch of the dungeon, and saw 4 of its levels.

You collected 109 gold pieces.


Innate Abilities, Weirdness & Mutations

You are immune to sickness and miasma.
Your stone body is resilient. (AC +4)
You are immune to poison.
You resist negative energy. (rN+)
You are resistant to electric shocks. (rElec)
You are resistant to unholy torment.
You are immune to petrification.
Your mind is acute. (Int +4, Str/Dex -1)
You have hidden genetic potential.


   Skills:
 - Level 4.3 Fighting
 + Level 6.6 Ranged Weapons
 - Level 1.0 Armour
 - Level 1.5 Dodging
 - Level 1.1 Stealth


You had 5 spell levels left.
You didn't know any spells.
Your spell library was empty.

Inventory:

Hand Weapons
 Y - a +2 shortbow (weapon)
Armour
 a - a +0 pair of gloves (worn)
 b - a +0 pair of boots (worn)
 c - a +2 leather armour of cold resistance (worn)
Scrolls
 k - 2 scrolls of identify
Potions
 d - a potion of curing
 e - a potion of haste {unknown}
 f - a potion of mutation
 h - a potion of brilliance {unknown}
 i - 2 potions of cancellation {unknown}
 j - 2 potions of heal wounds {unknown}

Dungeon Overview and Level Annotations

Branches:
Dungeon (4/15)
 Temple: D:4-7

Altars:
Sif Muna
Vehumet


Message History

You shoot an arrow. The arrow hits the orc.
The orc is almost dead.
The orc closely misses you.
You shoot an arrow. The arrow hits the orc.
You kill the orc!
You open the door.
There is an open door here.
There is an open door here.
There is a large open door here.
Things that are here:
a +0 dagger; a +0 leather armour; an orc corpse You see here a +0 hand axe.
You see here a +0 hand axe.
There is a large open door here.
Things that are here:
a +0 dagger; a +0 leather armour; an orc corpse
There is a large open door here.
There is a large open door here.
You see here a +0 ring mail.
There is an open door here.
An ogre comes into view. It is wielding a +0 giant club.
The ogre shouts!
You shoot an arrow. The arrow hits the ogre!
The ogre is moderately wounded.
You shoot an arrow. The arrow hits the ogre.
The ogre is moderately wounded.
The ogre hits you with a +0 giant club!
You shoot an arrow. The arrow hits the ogre.
The ogre is heavily wounded.
The ogre barely misses you.
You shoot an arrow. The arrow hits the ogre.
The ogre is heavily wounded.
The ogre completely misses you.
You shoot an arrow. The arrow hits the ogre.
The ogre is heavily wounded.
You shoot an arrow. The arrow hits the ogre!
The ogre is almost dead.
The ogre hits you with a +0 giant club!!
Ouch! That really hurt!
You die...

#.# ##.##..## ##.## ##..# # #.#
###.###...###.#.###...#
######.####..####....##.#.##.....
............#.##......#.#.#......
.####...##.###..#......#.#.......
.# #...<.#.# #.###.#####.#...###.
.# ##...##.# ##.#..#####...#.....
.# ##.####. ##..###.........##.
.# #.# # #@## #.#######.##. .#
#.# #..O## #.........##. ## #+#
##.# #.#.###.#.... #.
#.#.....#.... # ## #.#.._..#..##
#.#.####.#.....#.... ##
##........#.###.#...# .+
..................... ##
###...#.#.#######...#


You could see an ogre.

Vanquished Creatures
  A hound (D:4)
  An orc priest (D:4)
  Jessica (D:3)
  Natasha (twice) (D:4)
  An orc wizard (D:4)
  2 iguanas (D:4)
  2 adders
  4 worms
  A dart slug (D:1)
  10 orcs
  5 ball pythons
  3 bats
  14 endoplasms
  4 hobgoblins
  3 jackals (D:1)
  4 kobolds
  4 quokkas
  2 frilled lizards
  5 goblins
  6 rats
75 creatures vanquished.

Notes
Turn   | Place    | Note
-------+----------+-------------------------------------------
     0 | D:1      | qw the Gargoyle Hunter began the quest for the Orb.
     0 | D:1      | Reached XP level 1. HP: 12/12 MP: 1/1
     0 | D:1      | 0 ||| qw: Version: 0.3-a-76-g4403597
     0 | D:1      | 0 ||| qw: Game counter: 753
     0 | D:1      | 0 ||| qw: Melee chars always use a shield: true
     0 | D:1      | 0 ||| qw: God list: Okawaru
     0 | D:1      | 0 ||| qw: Allow faded altars: false
     0 | D:1      | 0 ||| qw: Do Orc after clearing Dungeon:15 true
     0 | D:1      | 0 ||| qw: Do second Lair branch before Depths: true
     0 | D:1      | 0 ||| qw: Lair rune preference: random
     0 | D:1      | 0 ||| qw: Goals: Normal
     0 | D:1      | 0 ||| PLANNING D:1-11
   148 | D:1      | Reached XP level 2. HP: 12/17 MP: 2/2
   672 | D:1      | Reached XP level 3. HP: 21/21 MP: 3/3
   762 | D:1      | 762 ||| UPGRADING to +0 ring mail.
   772 | D:1      | 772 ||| DROPPING +0 leather armour.
   773 | D:1      | 773 ||| READING scroll labelled ZUUQEY LYSIPT.
   774 | D:1      | 774 ||| READING scroll labelled PANTIDAPS CEMA.
   777 | D:1      | 777 ||| DROPPING scroll of butterflies.
  1029 | D:2      | Reached skill level 1 in Armour
  1030 | D:2      | Reached skill level 5 in Ranged Weapons
  1419 | D:2      | 1419 ||| READING 2 scrolls labelled HUZ OCLINKIARCH.
  1420 | D:2      | 1420 ||| READING scroll of enchant weapon.
  1420 | D:2      | 1420 ||| ENCHANTING +1 shortbow.
  1421 | D:2      | 1421 ||| READING 3 scrolls labelled RUSKAR WORGH.
  1422 | D:2      | 1422 ||| DRINKING 2 yellow potions.
  1423 | D:2      | 1423 ||| DROPPING potion of magic.
  1424 | D:2      | 1424 ||| DROPPING 2 scrolls of fear.
  1651 | D:3      | Reached skill level 3 in Fighting
  1651 | D:3      | Reached XP level 4. HP: 27/28 MP: 4/4
  1785 | D:3      | Noticed Jessica
  1788 | D:3      | Killed Jessica
  1843 | D:3      | Found a faded altar of an unknown god.
  2263 | D:3      | 2263 ||| UPGRADING to +0 pair of gloves.
  2268 | D:3      | 2268 ||| READING 2 scrolls of identify.
  2268 | D:3      | 2268 ||| IDENTIFYING pink potion
  2435 | D:4      | HP: 6/28 [something (2)]
  2441 | D:4      | Reached XP level 5. HP: 4/32 MP: 5/5
  2608 | D:4      | Reached skill level 6 in Ranged Weapons
  2716 | D:4      | Noticed Natasha
  2722 | D:4      | Killed Natasha
  2723 | D:4      | Reached XP level 6. HP: 23/38 MP: 6/6
  2792 | D:4      | Noticed Natasha
  2796 | D:4      | Killed Natasha
  2892 | D:4      | Found a shimmering blue altar of Sif Muna.
  2948 | D:4      | Found a radiant altar of Vehumet.
  3197 | D:4      | 3197 ||| UPGRADING to +0 pair of boots.
  3220 | D:4      | 3220 ||| UPGRADING to +2 leather armour of cold resistance.
  3230 | D:4      | 3230 ||| DROPPING +0 ring mail.
  3234 | D:4      | 3234 ||| DRINKING 2 fuming black potions.
  3234 | D:4      | Gained mutation: Your mind is acute. (Int +4, Str/Dex -1)
                  | [potion of mutation]
  3234 | D:4      | Gained mutation: You have hidden genetic potential. [potion
                  | of mutation]
  3303 | D:4      | Slain by an ogre

Levels and vault maps discovered:
D:1:      scummos_arrival_gate, layout_basic, chequers_serial_rivers_large_a
D:2:      layout_loops_ring, kennysheep_generic_room_13
D:3:      layout_basic, chequers_ecumenical_altar_grove, uniq_jessica
D:4:      layout_loops_corners, mainiacjoe_overflow_cross_hatched,
          mainiacjoe_overflow_small_starburst, wad_orctagon, uniq_natasha

Skill      XL: |  1  2  3  4  5 |
---------------+----------------+-----
Armour         | 1 |  1.0
Ranged Weapons | 5 6 |  6.6
Fighting       | 3 4 |  4.3
Dodging        | |  1.5
Stealth        | |  1.1

Action                     |  1- 3 |  4- 6 || total
---------------------------+-------+-------++-------
   Fire: Shortbow          |   100 |   124 ||   224
    Use: Scroll            |     5 |     1 ||     6
         Potion            |     1 |     1 ||     2
 Armour: Leather armour    |     2 |     3 ||     5
         Ring mail         |     9 |    38 ||    47
  Dodge: Dodged            |    12 |    23 ||    35

Table legend:
 A = Non-vault XP
 B = Vault XP
 C = Vault XP percentage of total XP
 D = Non-vault monster count
 E = Vault monster count
 F = Vault count percentage of total count
                 A         B        C        D         E       F
            +---------+---------+-------+---------+---------+-------
      Total |     380 |      85 |  18.3 |      69 |       6 |   8.0
            +---------+---------+-------+---------+---------+-------
        D:1 |      38 |       0 |   0.0 |      20 |       0 |   0.0
        D:2 |      27 |       0 |   0.0 |      16 |       0 |   0.0
        D:3 |      41 |      37 |  47.4 |      12 |       1 |   7.7
        D:4 |     274 |      48 |  14.9 |      21 |       5 |  19.2
            +---------+---------+-------+---------+---------+-------
